AoeStats
← Leonardo

African Clearing

510434752Analyzed
3v3 RM · 1d ago on Oct 1, 2026· 42m 33s· 6 players
Game mode
Random Map
Map size
Normal (6 player)
Population
200
Speed
Normal
Resources
Standard
Victory
Conquest
Starting age
Dark Age
Ending age
Imperial Age
RankedLock teamsTeams togetherTeam positionsShared explorationLock speedFull tech treeHidden civsTurbo modeCheats
Victory
Defeat
🇻🇳 Aztecs · Vietnam
1413
+12
🇺🇸 Burmese · United States
1324
+16
🇺🇸 Varangians · United States
1053
+26
🇨🇱 Jurchens · Chile
1327
-18
🇨🇱 Persians · Chile
1324
-19
🇨🇱 Varangians · Chile
1282
-17
Shoveler
9:29 Loom
11:20 Feudal Age
12:17 Double-Bit Axe
15:54 Bloodlines
16:06 Loom
29:44 Castle Age
30:37 Scale Barding Armor
33:03 Chain Barding Armor
37:22 Husbandry
38:09 Fletching
40:33 Town Watch
pimentbd
3:24 Loom
14:01 Feudal Age
17:46 Castle Age
17:10 Town Watch
19:45 Scale Barding Armor
22:11 Bloodlines
24:04 Chain Barding Armor
30:41 Horse Collar
32:35 Pikeman
35:14 Husbandry
36:02 Light Cavalry
37:29 Wheelbarrow
37:42 Gambesons
37:24 Man-at-Arms
38:10 Scale Mail Armor
38:20 Forging
38:36 Squires
38:21 Arson
38:15 Long Swordsman
39:27 Chain Mail Armor
39:32 Gambesons
41:19 Fletching
45:25 Imperial Age
Secretary E
13:30 Feudal Age
12:57 Loom
15:21 Double-Bit Axe
18:03 Castle Age
18:01 Scale Mail Armor
25:42 Gold Mining
26:42 Wheelbarrow
26:23 Stone Mining
26:35 Horse Collar
27:37 Town Watch
28:18 Bow Saw
29:10 Sanctity
29:04 Heavy Plow
30:21 Fervor
31:20 Gold Shaft Mining
31:16 Hand Cart
31:54 Stone Shaft Mining
31:13 Fishing Lines
32:43 Squires
32:28 Arson
33:43 Forging
34:45 Fletching
37:26 Imperial Age
35:13 Redemption
35:19 Gillnets
37:41 Atonement
38:16 Chain Mail Armor
38:37 Iron Casting
38:39 Ballistics
39:18 Conscription
39:10 Bodkin Arrow
41:06 Elite Jaguar Warrior
42:27 Bracer
43:01 Plate Mail Armor
43:18 Block Printing
43:29 Illumination
Mancodios
9:46 Loom
12:47 Feudal Age
14:09 Double-Bit Axe
15:11 Forging
16:09 Bloodlines
21:44 Castle Age
20:19 Scale Barding Armor
25:06 Chain Barding Armor
26:48 Husbandry
31:18 Wheelbarrow
34:43 Pikeman
35:43 Scale Mail Armor
38:36 Squires
40:34 Bow Saw
43:30 Iron Casting
Gus Dekkers
4:02 Loom
12:12 Feudal Age
14:15 Scale Barding Armor
15:25 Forging
22:51 Castle Age
22:26 Bloodlines
23:49 Chain Barding Armor
23:50 Husbandry
26:22 Town Watch
27:50 Stone Mining
29:27 Iron Casting
35:01 Fletching
40:54 Imperial Age
39:07 Bodkin Arrow
39:33 Light Cavalry
Leonardo
5:46 Loom
13:57 Feudal Age
21:46 Town Watch
25:36 Castle Age
24:53 Double-Bit Axe
24:50 Horse Collar
25:03 Gold Mining
26:46 Bow Saw
27:51 Bow Saw
29:08 Wheelbarrow
34:04 Bow Saw
36:11 Hand Cart
35:57 Fletching
38:42 Stone Mining
41:04 Scale Barding Armor
42:28 Forging
42:14 Bodkin Arrow
Connection lost

Rejoining the realm…

Still unreachable

The connection could not be restored.

Session expired

The server has moved on; the page needs a fresh start.